 Dungeon Crawl Stone Soup version 0.28-a0-565-g7719699fd9 (webtiles) character file.

Game seed: 13590334889273935210

871 Drevant2 the Spear-Bearer (level 8, 0/56 HPs)
             Began as a Merfolk Gladiator on Oct 1, 2021.
             Was an Initiate of Ashenzari.
             Slain by Prince Ribbit (7 damage)
             ... on level 5 of the Dungeon.
             The game lasted 00:16:21 (5931 turns).

Drevant2 the Spear-Bearer (Merfolk Gladiator)       Turns: 5931, Time: 00:16:22

Health: 0/56       AC:  6    Str: 14    XL:     8   Next: 3%
Magic:  8/8        EV: 15    Int:  8    God:    Ashenzari [......]
Gold:   216        SH:  0    Dex: 17    Spells: 7/7 levels left

rFire   . . .      SeeInvis .   a - +0 trident
rCold   . . .      Faith    .   (no shield)
rNeg    . . .      Spirit   .   b - +0 leather armour
rPois   .          Reflect  .   f - +1 helmet
rElec   .          Harm     .   i - +0 cloak
rCorr   .          Rampage  .   (no gloves)
Will    .....                   (no boots)
Stlth   +.........              (no amulet)
HPRegen 0.18/turn               (no ring)
MPRegen 0.11/turn               (no ring)

@: no status effects
A: (nimble swimmer 2), mertail
a: Renounce Religion, Curse Item


You were on level 5 of the Dungeon.
You worshipped Ashenzari.
Ashenzari was noncommittal.
You visited 1 branch of the dungeon, and saw 5 of its levels.

You collected 216 gold pieces.

Inventory:

Hand Weapons
 a - a +0 trident (weapon)
Missiles
 d - 2 throwing nets (quivered)
Armour
 b - a +0 leather armour (worn)
 c - a +0 helmet
 f - a +1 helmet (worn)
 i - a +0 cloak (worn)
Jewellery
 p - an amulet of regeneration
 q - a ring of wizardry
Scrolls
 e - 2 scrolls of enchant weapon
 h - a scroll of fog
 j - 5 scrolls of identify
 k - a scroll of enchant armour
 l - 3 scrolls of magic mapping
Potions
 n - a potion of brilliance


   Skills:
 - Level 2.1 Fighting
 * Level 11.4 Polearms
 - Level 2.0 Throwing
 - Level 7.3 Dodging


You had 7 spell levels left.
You didn't know any spells.
Your spell library was empty.

Dungeon Overview and Level Annotations

Branches:
Dungeon (5/15)
 Temple: D:4-7

Altars:
Ashenzari
Fedhas
Kikubaaqudgha
Wu Jian

Annotations:
D:5 Prince Ribbit


Innate Abilities, Weirdness & Mutations

((You are quick and stealthy near water. (Stealth+, EV+, Speed+++)))
Your lower body shifts to a powerful aquatic tail in water.


Message History

You puncture the adder!
You kill the adder!
Reach: a) +0 trident
Press: ? - help, Dir - move target, f/p - Prince Ribbit
Aim: Prince Ribbit (purple smoke, heavily wounded, about 54% to evade your +0 trident)
You reach to attack!
You barely miss Prince Ribbit.
Prince Ribbit is heavily wounded.
You closely miss Prince Ribbit.
Prince Ribbit is heavily wounded.
Prince Ribbit hits you!
* * * LOW HITPOINT WARNING * * *
You miss Prince Ribbit.
Prince Ribbit is heavily wounded.
Prince Ribbit hits you but does no damage.
You puncture Prince Ribbit!
Prince Ribbit is severely wounded.
Prince Ribbit barely misses you.
You hit Prince Ribbit.
Prince Ribbit is severely wounded.
Prince Ribbit hits you!
* * * LOW HITPOINT WARNING * * *
You miss Prince Ribbit.
Prince Ribbit is severely wounded.
Prince Ribbit blinks!
Okay, then.
You puncture Prince Ribbit!
Prince Ribbit is almost dead.
Prince Ribbit croaks regally.
Prince Ribbit casts a spell.
Prince Ribbit looks slightly unstable.
You closely miss Prince Ribbit.
Prince Ribbit is almost dead.
Prince Ribbit misses you.
You miss Prince Ribbit.
Prince Ribbit is almost dead.
Prince Ribbit barely misses you.
You hit Prince Ribbit.
Prince Ribbit is almost dead.
Prince Ribbit hits you!
You die...

## #. ############## #.
#§§..........####. #
#.#...#........##. ...
#§#...#........##.
....####.#...#........##.
.......#@#...#...........
.......F§#...####........
#?...[..§#...# #.<.####.
#.....§§§#...# #...# #.
#........# ######...####.
#.......(# #<............
###......# #.##..........
#.....## #.##.....####.
.......................


You could see Prince Ribbit.

Vanquished Creatures
  2 phantoms (D:4)
  A water moccasin zombie (D:5)
  A water moccasin skeleton (D:5)
  2 howler monkeys (D:5)
  2 iguanas (D:4)
  2 orc priests
  Robin (D:3)
  4 gnolls
  6 adders
  2 shadow imps (D:5)
  An ufetubus (D:5)
  An adder skeleton (D:4)
  2 worms
  A dart slug (D:1)
  13 orcs
  8 endoplasms
  4 giant cockroaches
  9 hobgoblins
  3 jackals (D:1)
  6 quokkas
  5 ball pythons
  6 bats
  3 frilled lizards
  14 goblins
  9 kobolds
  7 rats
115 creatures vanquished.

Vanquished Creatures (collateral kills)
  Grinder (D:5)
1 creature vanquished.

Vanquished Creatures (others)
  2 demonic plants (D:1)
  5 fungi
  A plant (D:3)
  A withered plant (D:1)
9 creatures vanquished.

Grand Total: 125 creatures vanquished

Notes
Turn   | Place    | Note
-------+----------+-------------------------------------------
     0 | D:1      | Drevant2 the Merfolk Gladiator began the quest for the Orb.
     0 | D:1      | Reached XP level 1. HP: 16/16 MP: 1/1
   156 | D:1      | Found a faded altar of an unknown god.
   180 | D:1      | Reached skill level 5 in Polearms
   184 | D:1      | Reached XP level 2. HP: 14/22 MP: 2/2
   445 | D:1      | Became a worshipper of Ashenzari the Shackled
   705 | D:1      | Reached skill level 6 in Polearms
   705 | D:1      | Reached XP level 3. HP: 27/27 MP: 3/3
  1744 | D:3      | Noticed Robin
  1751 | D:3      | Reached XP level 4. HP: 33/33 MP: 4/4
  1754 | D:3      | Reached skill level 7 in Polearms
  2045 | D:3      | Killed Robin
  2487 | D:3      | Reached skill level 8 in Polearms
  2492 | D:3      | Reached XP level 5. HP: 37/38 MP: 5/5
  2617 | D:3      | Found an ancient bone altar of Kikubaaqudgha.
  2845 | D:3      | Found a blossoming altar of Fedhas.
  3213 | D:4      | Found an ornate altar of the Wu Jian Council.
  3319 | D:4      | Noticed a phantom
  3322 | D:4      | Noticed a phantom
  3488 | D:5      | Entered Level 5 of the Dungeon
  3995 | D:4      | Killed a phantom
  3996 | D:4      | Reached skill level 9 in Polearms
  3996 | D:4      | Reached XP level 6. HP: 44/44 MP: 6/6
  4302 | D:4      | Reached skill level 10 in Polearms
  4910 | D:5      | Reached skill level 11 in Polearms
  4910 | D:5      | Reached XP level 7. HP: 47/50 MP: 7/7
  5371 | D:5      | Noticed Grinder
  5385 | D:5      | Paralysed by Grinder for 5 turns
  5415 | D:5      | Noticed Prince Ribbit
  5417 | D:5      | Reached skill level 5 in Dodging
  5424 | D:5      | Paralysed by Grinder for 5 turns
  5433 | D:5      | Paralysed by Grinder for 3 turns
  5436 | D:5      | Killed Grinder
  5448 | D:5      | HP: 1/50 [Prince Ribbit (14)]
  5892 | D:5      | Reached XP level 8. HP: 56/56 MP: 8/8
  5899 | D:5      | Identified a scroll of acquirement
  5931 | D:5      | Slain by Prince Ribbit

Illustrated notes

Levels and vault maps discovered:
D:1:      beargit_arrival_greenhouse, layout_loops_ring,
          shapermc_ecumenical_altar_gd, grunt_decor_fettered,
          minmay_tetromino_t4
D:2:      layout_basic, hangedman_decor_riveting, chequers_serial_rivers_room_a
D:3:      layout_loops_ring, fedhas_altar_3, general_overflow_altar,
          minmay_misc_feat_iff, uniq_robin
D:4:      minmay_recursive_quarters, layout_basic, mainiacjoe_overflow_catwalk
D:5:      layout_basic, serial_shops, kennysheep_mini, uniq_grinder,
          uniq_prince_ribbit1

Skill      XL: |  1  2  3  4  5  6  7 |
---------------+----------------------+-----
Polearms       | 5 6 8 9 11 | 11.4
Dodging        | 7 |  7.3
Fighting       | |  2.1
Throwing       | |  2.0

Action                   |  1- 3 |  4- 6 |  7- 9 || total
-------------------------+-------+-------+-------++-------
Melee: Trident           |   145 |   280 |   129 ||   554
Throw: Throwing net      |       |       |     4 ||     4
  Use: Potion            |       |     3 |     4 ||     7
       Scroll            |       |     1 |     3 ||     4
 Stab: Sleeping          |     3 |     1 |     1 ||     5
       Distracted        |       |     1 |     1 ||     2
Armor: Leather armour    |    29 |    69 |    16 ||   114
Dodge: Dodged            |    75 |   128 |    54 ||   257

Table legend: (Time is in decaauts)
 A = Elapsed time spent in this place.
 B = Non-inter-level travel time spent in this place.
 C = Inter-level travel time spent in this place.
 D = Time resting spent in this place.
 E = Time spent auto-exploring this place.
 F = Levels seen in this place.
 G = Mean time per level.
                   A        B        C        D        E       F      G
               +--------+--------+--------+--------+--------+-----+--------+
         Total |   5865 |   5282 |    583 |   1373 |   2859 |   5 | 1173.0 |
       Dungeon |   5865 |   5282 |    583 |   1373 |   2859 |   5 | 1173.0 |
               +--------+--------+--------+--------+--------+-----+--------+

Top non-repeatable levels by time:
     D:4: 2021 daAuts
     D:5: 1150 daAuts
     D:1: 1143 daAuts
     D:3: 998 daAuts
     D:2: 551 daAuts
